 Dungeon Crawl Stone Soup version 0.21.1-1-g345015f (webtiles) character file.

83 Mgcat the Skirmisher (level 4, -1/37 HPs)
             Began as a Demonspawn Abyssal Knight on Mar 17, 2018.
             Was a Follower of Lugonu.
             Slain by an adder (2 damage)
             ... on level 3 of the Dungeon.
             The game lasted 00:05:39 (2238 turns).

Mgcat the Skirmisher (Demonspawn Abyssal Knight)    Turns: 2238, Time: 00:05:39

Health: -1/37      AC:  5    Str: 11 (13) XL:     4   Next: 22%
Magic:  5/5        EV: 10    Int: 11 (14) God:    Lugonu [*.....]
Gold:   211        SH:  0    Dex: 11 (12) Spells: 3/3 levels left

rFire    . . .     SeeInvis .   a - +1 hand axe
rCold    . . .     Gourm    .   (no shield)
rNeg     . . .     Faith    .   m - +0 ring mail
rPois    .         Spirit   .   (no helmet)
rElec    .         Reflect  .   (no cloak)
rCorr    .         Harm     .   (no gloves)
MR       .....                  (no boots)
Stlth    +.........             (no amulet)
HPRegen  0.12/turn              g - ring of flight {+Fly, !d}
MPRegen  0.09/turn              (no ring)

@: lethally poisoned (-1 -> -3)
A: rot immunity, sturdy frame 1
a: Depart the Abyss, Renounce Religion, Evoke Flight


You were on level 3 of the Dungeon.
You worshipped Lugonu.
Lugonu was aware of your devotion.
You were not hungry.

You visited 1 branch of the dungeon, and saw 3 of its levels.
You visited the Abyss 1 time.

You collected 211 gold pieces.

Inventory:

Hand Weapons
 a - a +1 hand axe (weapon)
Armour
 b - a +0 leather armour
 l - a +0 chain mail
   (You found it on level 1 of the Dungeon)
 m - a +0 ring mail (worn)
   (You found it on level 1 of the Dungeon)
Jewellery
 g - a ring of flight (left hand) {+Fly, !d}
   (You found it on level 3 of the Dungeon)
Scrolls
 d - 2 scrolls of identify {unknown}
 f - 2 scrolls of magic mapping {unknown}
 h - 2 scrolls of remove curse
 k - a scroll of fog {unknown}
 n - a scroll of enchant weapon {unknown}
 o - a scroll of teleportation {unknown}
 p - 2 scrolls of amnesia {unknown}
Comestibles
 c - 5 rations
 i - 2 chunks of flesh {@w0}


   Skills:
 + Level 4.1 Fighting
 + Level 3.1 Axes
 - Level 1.7 Armour
 - Level 0.8 Dodging
 - Level 2.4 Invocations


You had 3 spell levels left.
You didn't know any spells.

Dungeon Overview and Level Annotations

Branches:
Dungeon (3/15)

Altars:
The Shining One


Innate Abilities, Weirdness & Mutations

You are immune to rotting.
Your movements are slightly less encumbered by armour. (ER -2)


Message History

Your ring mail prevents you from hitting the rat.
The rat is heavily wounded.
The rat closely misses you.
You barely miss the rat.
The rat is heavily wounded.
The rat barely misses you.
You closely miss the rat.
The rat is heavily wounded.
The rat bites you but does no damage.
You closely miss the rat.
You feel sick. The rat misses you. The rat barely misses you.
You barely miss the rat. The rat bites you but does no damage.
You closely miss the rat. The rat bites you.
You barely miss the rat.
You feel sick. The rat bites you but does no damage.
You barely miss the rat. The rat bites you but does no damage.
You barely miss the rat. The rat bites you but does no damage.
You hit the rat.
You kill the rat!
Lugonu accepts your kill.
You feel sick.
You are no longer poisoned.
An orc comes into view.
The orc shouts!
There is a stone staircase leading up here.
You climb upwards.
There is a stone staircase leading down here.
You are feeling very hungry.
You climb downwards.
The orc hits you but does no damage.
There is a stone staircase leading up here.
You barely miss the orc. The orc closely misses you.
You barely miss the orc. The orc closely misses you. The orc hits you.
You closely miss the orc. The orc closely misses you.
You slash the orc!
You kill the orc!
Lugonu accepts your kill.
HP restored.
You butcher the orc corpse.
i - 3 chunks of flesh {@w0} Eating one of 3 chunks of flesh {@w0}.
You eat one of the 3 chunks of flesh {@w0}.
This raw flesh tastes terrible.
There is a stone staircase leading up here.
c - 5 rations (gained 1)
An adder comes into view.
The adder hisses angrily.
An adder is nearby!
An adder is nearby!
An adder is nearby!
An adder is nearby!
An adder is nearby!
Drop what? 15/52 slots (_ for help) (? for menu, Esc to quit)
You drop a potion of degeneration {!q}.
The adder bites you.
You are poisoned.
The adder poisons you!
You barely miss the adder.
You feel sick. The adder bites you but does no damage.
You closely miss the adder.
You feel sick. The adder bites you but does no damage.
You miss the adder. The adder bites you.
You are more poisoned.
The adder poisons you! The adder barely misses you.
Your ring mail prevents you from hitting the adder.
You feel sick. The adder bites you.
You are more poisoned.
The adder poisons you! The adder bites you but does no damage.
You barely miss the adder.
You feel sick. The adder bites you.
You miss the adder.
You feel sick. The adder bites you.
You closely miss the adder.
You feel sick. The adder barely misses you.
The adder bites you but does no damage.
You hit the adder.
The adder is lightly wounded.
You feel sick. The adder bites you but does no damage.
You hit the adder.
The adder is moderately wounded.
You feel sick. The adder barely misses you. The adder bites you.
You closely miss the adder.
The adder is moderately wounded.
You feel sick. The adder bites you.
* * * LOW HITPOINT WARNING * * *
You feel sick. The adder closely misses you.
You feel sick.
You feel sick. The adder bites you but does no damage.
You feel sick.
You feel sick. The adder bites you.
* * * LOW HITPOINT WARNING * * *
You feel sick.
You feel sick. The adder misses you. The adder completely misses you.
You aren't carrying any potions.
You aren't carrying any potions.
You aren't carrying any potions.
You aren't carrying any potions.
You feel sick. The adder bites you.
* * * LOW HITPOINT WARNING * * *
As you read the scroll labeled BUNLYAP ZA DOG, it crumbles to dust.
You feel blessed for a moment.
It was a scroll of remove curse.
The adder bites you.
You die...

## ### #.###.<# # #..#.#.#
.# #....#.# ... ####
#.....@# ... ..#
#....#S#### ##.##.#
#.........##
.#...#.######.##...<.#
.........# #.##.##..#
.#...#!#.####...#.#..#
...............###..#######
.......######.#.#.........#
###.#### #.............#


You could see an adder.

Vanquished Creatures
  3 adders
  An ooze (D:1)
  A worm (D:2)
  A dart slug (D:1)
  2 leopard geckos (D:1)
  2 orcs (D:3)
  3 ball pythons
  A giant cockroach (D:2)
  3 goblins
  4 hobgoblins (D:2)
  7 bats
  3 frilled lizards
  7 kobolds
  5 rats
43 creatures vanquished.

Notes
Turn   | Place    | Note
-------+----------+-------------------------------------------
     0 | Abyss:1  | Mgcat the Demonspawn Abyssal Knight began the quest for the Orb.
     0 | Abyss:1  | Reached XP level 1. HP: 18/18 MP: 2/2
    97 | Abyss:1  | Noticed a small abomination
    99 | D:1      | Escaped the Abyss
   256 | D:1      | Reached skill level 2 in Axes
   316 | D:1      | Gained mutation: You are immune to rotting. [demonic ancestry]
   316 | D:1      | Reached XP level 2. HP: 21/24 MP: 3/3
   316 | D:1      | Reached * piety under Lugonu
  1049 | D:2      | Reached XP level 3. HP: 25/29 MP: 4/4
  1510 | D:2      | Found a glowing golden altar of the Shining One.
  1777 | D:3      | Reached skill level 4 in Fighting
  1796 | D:3      | Reached skill level 3 in Axes
  1802 | D:3      | Gained mutation: Your movements are slightly less encumbered by armour. (ER -2) [demonic ancestry]
  1802 | D:3      | Reached XP level 4. HP: 20/37 MP: 5/5
  1821 | D:2      | HP: 9/37 [poisoned by an adder]
  1829 | D:2      | HP: 8/37 [poisoned by an adder]
  2226 | D:3      | HP: 9/37 [poisoned by an adder]
  2231 | D:3      | HP: 6/37 [adder (1)]
  2237 | D:3      | HP: 4/37 [poisoned by an adder]
  2237 | D:3      | HP: 1/37 [adder (3)]
  2238 | D:3      | Slain by an adder

Skill      XL: |  1  2  3 |
---------------+----------+-----
Axes           | 2 3 |  3.1
Fighting       | 4 |  4.1
Armour         | |  1.7
Dodging        | |  0.8
Invocations    | |  2.4

Action                   |  1- 3 |  4- 6 || total
-------------------------+-------+-------++-------
Melee: Hand axe          |   125 |    42 ||   167
Invok: Depart the Abyss  |     1 |       ||     1
  Use: Potion            |     4 |       ||     4
       Scroll            |       |     1 ||     1
  Eat: Chunk             |     3 |     1 ||     4
Armor: Leather armour    |     7 |       ||     7
       Ring mail         |    46 |    18 ||    64
Dodge: Dodged            |    99 |    22 ||   121

Vault maps used:
D:1:      mrwooster_arrival_statue
D:2:      tso_altar
D:3:      minmay_overflow_temple_hex, st_stairs_4

Table legend:
 A = Turns spent in this place as a percentage of turns spent in the entire game.
 B = Non-inter-level travel turns spent in this place as a percentage of non-inter-level travel turns spent in the entire game.
 C = Inter-level travel turns spent in this place as a percentage of turns spent in this place.
 D = Turns resting spent in this place as a percentage of non-inter-level travel turns spent in this place.
 E = Turns spent auto-exploring this place as a percentage of non-inter-level travel turns spent in this place.
 F = Non-inter-level travel turns spent in this place divided by the number of levels of this place that you've seen.
                   A       B       C       D       E      F
               +-------+-------+-------+-------+-------+----------------------
         Total | 100.0 | 100.0 |   6.7 |   0.0 |  77.9 | 521.8
       Dungeon |  95.6 |  95.3 |   7.1 |   0.0 |  81.8 | 662.7
         Abyss |   4.4 |   4.7 |   0.0 |   0.0 |   0.0 |  99.0
               +-------+-------+-------+-------+-------+----------------------

Table legend:
 A = Kills in this place as a percentage of kills in entire the game.
 B = Kills by you in this place as a percentage of kills by you in the entire game.
 C = Kills by friends in this place as a percentage of kills by friends in the entire game.
 D = Other kills in this place as a percentage of other kills in the entire game.
 E = Experience gained in this place as a percentage of experience gained in the entire game.
 F = Experience gained in this place divided by the number of levels of this place that you have seen.
                   A       B       C       D       E      F
               +-------+-------+-------+-------+-------+----------------------
         Total | 100.0 | 100.0 |   N/A |   N/A | 100.0 |  29.8
       Dungeon | 100.0 | 100.0 |   N/A |   N/A | 100.0 |  39.7
               +-------+-------+-------+-------+-------+----------------------
